 Zot Defence DCSS version 0.15.2 (webtiles) character file.

3635 rednecknazgul the Pacifier (level 9, -1/88 HPs)
             Began as a Troll Healer on Nov 12, 2018.
             Was a Priest of Elyvilon.
             Slain by a hell hound skeleton (4 damage)
             ... animated by a shadow imp
             ... in the Realm of Zot (Scenario IV: Columnade).
             The game lasted 00:10:35 (1465 turns).

rednecknazgul the Pacifier (Troll Healer)           Turns: 1465, Time: 00:10:35

HP  -1/88        AC  6     Str 25      XL: 9   Next: 87%
MP  18/18        EV  9     Int  8      God: Elyvilon [***...]
Gold 0           SH  0     Dex  9      Spells:  0 memorised,  8 levels left

rFire  . . .     SeeInvis .       - Unarmed
rCold  . . .     Clarity  .     a - +1 robe
rNeg   . . .     rCorr    .     (shield restricted)
rPois  .         rRot     .     (helmet restricted)
rElec  .         Spirit   .     (no cloak)
SustAb .         Warding  .     (gloves unavailable)
rMut   .         Stasis   .     (boots unavailable)
Gourm  +                        (no amulet)
MR     .....                    (no ring)
                                (no ring)

@: not resistant to hostile enchantments, very unstealthy
A: unfitting armour, claws 3, fast metabolism 3, gourmand, regeneration 2,
saprovore 2, shaggy fur 1, tough skin 2
a: Make oklob sapling, Make arrow trap, Make plant, Remove Curse, Make burning
bush, Make altar, Make grenades, Make oklob plant, Make net trap, Make ice
statue, Lesser Healing, Lesser Self-Healing, Divine Protection, Purification,
Greater Healing, Greater Self-Healing, Renounce Religion


You were in the Realm of Zot.
You worshipped Elyvilon.
Elyvilon was most pleased with you.
You were not hungry.

You visited 1 branch

Inventory:

Armour
 a - a +1 robe (worn)
Comestibles
 d - 2 meat rations
Scrolls
 h - a scroll of blinking
Potions
 b - 4 potions of curing
 c - a potion of heal wounds
 f - 2 potions of magic


   Skills:
 + Level 5.5 Fighting
 - Level 1.5 Dodging
 + Level 7.8 Unarmed Combat
 * Level 9.3 Invocations


You had 8 spell levels left.
You didn't know any spells.

Dungeon Overview and Level Annotations

Branches:
    Zot (1/1)

Altars:


Innate Abilities, Weirdness & Mutations

You are too large for most types of armour.
You have claws for hands.
Your metabolism is lightning-fast.
You like to eat raw meat.
You heal very quickly.
You can eat rotten meat.
You are covered in fur (AC +1).
You have very tough skin (AC +2).


Message History

Prince Ribbit hits you.
* * * LOW HITPOINT WARNING * * *
The orc zombie hits your oklob plant but does no damage.
Unknown command.
Unknown command.
You claw the adder skeleton!
The adder skeleton bites your burning bush but does no damage.
The giant frog zombie hits you but does no damage.
The adder skeleton bites you.
* * * LOW HITPOINT WARNING * * *
The giant frog zombie closely misses you.
Your burning bush throws fire at the giant frog zombie.
The puff of flame hits the giant frog zombie.
The shadow imp hits your oklob plant but does no damage.
The giant frog zombie hits you.
* * * LOW HITPOINT WARNING * * *
The giant frog zombie hits your oklob plant but does no damage.
The giant frog zombie hits your burning bush.
The hell hound skeleton bites you.
You die...

▓▓...▓▓ ▓▓...▓▓ ▓▓...▓▓ ▓▓...▓▓
▓▓...▓▓▓▓▓▓▓▓▓...▓▓
▓▓...▓▓▓▓...▓▓▓▓...▓▓
▓▓...▓▓▓▓.....▓▓▓▓...▓▓
▓...▓▓▓▓.PP.P5r▓▓▓▓...▓
▓...)%)..ZZPZZZ5)Z)...▓
▓▓....)...ZZPZZZZZZZ...▓▓
▓▓▓▓▓▓▓▓▓▓...ZZ@ZZZZZ▓▓▓▓▓▓▓▓▓▓
▓∆=[▓▓


▓...ZZPZZFZ.▓ ▓▓|)∆▓ ▓:∆∆▓ ▓▓...ZPZZZ.▓▓ ▓∆∆:▓ ▓▓▓▓▓ ▓▓..P.PP.▓▓ ▓▓▓▓▓ ▓▓▓▓▓▓▓▓▓
You could see a giant frog, 2 shadow imps, 2 adder zombies, a quokka zombie, 10
giant frog zombies, a blink frog zombie, a black bear zombie, a hobgoblin
zombie, a kobold zombie, 3 orc zombies, a centaur zombie, Prince Ribbit the
human zombie, Psyche the human zombie, a quokka, 2 adder skeletons, a rat
skeleton, a quokka skeleton, 2 jackal skeletons, a hell hound skeleton, a gnoll
skeleton, 6 friendly oklob plants and 4 friendly burning bushes.

Vanquished Creatures
  A hell hound (Zot)
  A black bear (Zot)
  A big kobold (Zot)
  2 giant frogs (Zot)
  A hound (Zot)
  An adder (Zot)
  2 ball pythons (Zot)
  A kobold (Zot)
  A giant cockroach (Zot)
  2 giant newts (Zot)
  3 rats (Zot)
16 creatures vanquished.

Vanquished Creatures (collateral kills)
  Psyche (Zot)
  2 blink frogs (Zot)
  Prince Ribbit (Zot)
  2 orc warriors (Zot)
  A black bear (Zot)
  An ogre (Zot)
  A centaur (Zot)
  13 giant frogs (Zot)
  A giant frog zombie (Zot)
  2 orc wizards (Zot)
  6 gnoll shamans (Zot)
  A worker ant (Zot)
  Terence (Zot)
  5 adders (Zot)
  2 green rats (Zot)
  2 giant mites (Zot)
  3 worms (Zot)
  A gnoll zombie (Zot)
  An adder skeleton (Zot)
  An ooze (Zot)
  6 orcs (Zot)
  2 giant cockroaches (Zot)
  6 goblins (Zot)
  8 hobgoblins (Zot)
  11 jackals (Zot)
  5 quokkas (Zot)
  2 bats (Zot)
  A goblin skeleton (Zot)
  A jackal skeleton (Zot)
  7 kobolds (Zot)
  2 orc skeletons (Zot)
  2 orc zombies (Zot)
  A quokka skeleton (Zot)
  11 rats (Zot)
113 creatures vanquished.

Vanquished Creatures (others)
  Jessica (Zot)
  An adder (Zot)
  2 bats (Zot)
  6 jackals (Zot)
  A quokka (Zot)
  A ball python (Zot)
  2 giant newts (Zot)
  A rat (Zot)
15 creatures vanquished.

Grand Total: 144 creatures vanquished

Notes
Turn   | Place    | Note
--------------------------------------------------------------
     0 | Zot      | rednecknazgul, the Troll Healer, began the quest for the Orb.
     0 | Zot      | Reached XP level 1. HP: 18/18 MP: 1/1
   245 | Zot      | Reached skill level 1 in Fighting
   267 | Zot      | Reached XP level 2. HP: 25/27 MP: 0/1
   286 | Zot      | Noticed Laedamof
   288 | Zot      | Reached skill level 3 in Invocations
   301 | Zot      | Killed Laedamof the black bear
   301 | Zot      | Reached skill level 4 in Invocations
   301 | Zot      | Reached XP level 3. HP: 27/35 MP: 1/4
   301 | Zot      | Reached XP level 4. HP: 32/42 MP: 1/5
   301 | Zot      | Reached XP level 5. HP: 37/49 MP: 1/6
   376 | Zot      | Reached XP level 6. HP: 57/57 MP: 6/8
   585 | Zot      | Noticed Terence
   591 | Zot      | Killed Terence
   639 | Zot      | Reached skill level 5 in Invocations
   646 | Zot      | Reached XP level 7. HP: 62/66 MP: 0/9
   666 | Zot      | Killed Jessica
   779 | Zot      | Reached skill level 5 in Unarmed Combat
   994 | Zot      | Reached skill level 6 in Invocations
   994 | Zot      | Reached XP level 8. HP: 75/75 MP: 3/12
  1167 | Zot      | Noticed Prince Ribbit
  1174 | Zot      | Killed Prince Ribbit
  1220 | Zot      | Reached skill level 7 in Invocations
  1235 | Zot      | Reached XP level 9. HP: 85/85 MP: 0/16
  1248 | Zot      | Reached skill level 8 in Invocations
  1257 | Zot      | Noticed a blink frog
  1259 | Zot      | Killed a blink frog
  1259 | Zot      | Reached skill level 5 in Fighting
  1262 | Zot      | Noticed Cosmot
  1263 | Zot      | Killed Cosmot the blink frog
  1356 | Zot      | Acquired Elyvilon's third power
  1370 | Zot      | Noticed Psyche
  1373 | Zot      | Killed Psyche
  1373 | Zot      | Reached skill level 9 in Invocations
  1465 | Zot      | HP: 3/88 [giant frog zombie[a shadow imp] (4)]
  1465 | Zot      | Slain by a hell hound skeleton

Action                   |  1- 3 |  4- 6 |  7- 9 || total
-------------------------+-------+-------+-------++-------
Melee: Unarmed           |    42 |    10 |    27 ||    79
Invok: Lesser Healing    |     5 |    35 |    76 ||   116
 Abil: Make burning bush |       |     1 |     3 ||     4
       Make oklob plant  |       |       |     6 ||     6
  Use: Potion            |     1 |       |     2 ||     3
